 Dungeon Crawl Stone Soup version 0.17-a0-744-gaa96792 (webtiles) character file.

136 xeno23 the Chiller (level 5, 0/35 HPs)
             Began as a Merfolk Ice Elementalist on Apr 21, 2015.
             Slain by a gnoll
             ... wielding a +0 whip
              (4 damage)
             ... on level 3 of the Dungeon.
             The game lasted 00:10:20 (2034 turns).

xeno23 the Chiller (Merfolk Ice Elementalist)       Turns: 2034, Time: 00:10:20

Health: 0/35       AC:  8    Str:  8    XL:     5   Next: 19%
Magic:  4/9        EV: 13    Int: 15    God:
Gold:   116        SH:  0    Dex: 15    Spells: 2 memorised, 6 levels left

rFire  . . .     SeeInvis .     k - +0 dagger
rCold  . . .     Clarity  .     a - +1 robe
rNeg   . . .     SustAb   .     (no shield)
rPois  .         Gourm    .     (no helmet)
rElec  .         Spirit   .     (no cloak)
rCorr  .         Warding  .     (no gloves)
rMut   .         Stasis   .     (no boots)
MR     .....                    (no amulet)
Stlth  ++........               l - +5 ring of protection
                                e - ring of invisibility

@: not resistant to hostile enchantments, unstealthy
A: change form in water, swift swim
a: Evoke Invisibility


You were on level 3 of the Dungeon.
You were hungry.

You visited 1 branch of the dungeon, and saw 3 of its levels.

You collected 116 gold pieces.

Inventory:

Hand weapons
 k - a +0 dagger (weapon)
Armour
 a - a +1 robe (worn)
Jewellery
 e - a ring of invisibility (left hand)
 l - a +5 ring of protection (right hand)
Potions
 g - a potion of restore abilities
 h - a potion of lignification
 i - 2 potions of curing {unknown}
 n - a potion of might {unknown}
 o - a potion of ambrosia {unknown}
 q - a potion of agility {unknown}
Books
 b - a book of Frost

   Spells                             Type                      Level
   a - Freeze                         Ice                          1
   b - Throw Frost                    Conjuration/Ice              2
   c - Ozocubu's Armour               Charms/Ice                   3
   d - Throw Icicle                   Conjuration/Ice              4
   e - Summon Ice Beast               Ice/Summoning                4
   f - Condensation Shield            Ice                          4
Comestibles
 c - 3 bread rations
 d - a meat ration
 j - a beef jerky
 m - a slice of pizza
 p - 5 chunks of flesh


   Skills:
 - Level 2.6 Dodging
 - Level 2.1 Stealth
 + Level 3.0 Spellcasting
   Level 0.7 Conjurations
 + Level 5.6 Ice Magic


You had 6 spell levels left.
You knew the following spells:

 Your Spells              Type           Power        Failure   Level  Hunger
a - Freeze                Ice            ###.         1%          1    #......
b - Ozocubu's Armour      Chrm/Ice       ##......     21%         3    ###....


Dungeon Overview and Level Annotations

Branches:
Dungeon (3/15)

Altars:
Okawaru
Ru


Message History

A shadow imp is nearby!
p - 5 chunks of flesh (gained 3)
The shadow imp gestures at you. Pain shoots through your body!
* * * LOW HITPOINT WARNING * * *
You take 14 damage.
You see here a quarterstaff. 2 gnolls come into view.
The gnoll shouts!
The gnoll moves out of view.
A gnoll comes into view. It is wielding a whip of venom.
The gnoll shouts!
Press: ? - help, v - describe, . - travel
Here: a gnoll, wielding a whip of venom The floor.
Unknown command.
Use which ability? (? or * to list)
Okay, then.
The gnoll hits you with a whip.
You die...

###### #....###
#####......#
##..........#
#...........##
#.....@.....##.
##...gg........
#............##
#..g.)<........
#5...)........#
#.#............
####.##...######.
##.........##......
#..................


You could see 3 gnolls and a shadow imp.

Vanquished Creatures
  An orc wizard (D:2)
  A worker ant (D:3)
  4 adders (D:2)
  A giant gecko (D:2)
  4 orcs
  8 hobgoblins
  2 jackals
  A quokka (D:2)
  9 bats
  A giant cockroach (D:1)
  3 giant newts (D:1)
  2 goblins (D:2)
  6 kobolds
  9 rats
52 creatures vanquished.

Notes
Turn   | Place    | Note
--------------------------------------------------------------
     0 | D:1      | xeno23, the Merfolk Ice Elementalist, began the quest for the Orb.
     0 | D:1      | Reached XP level 1. HP: 13/13 MP: 3/3
   142 | D:1      | Reached XP level 2. HP: 13/19 MP: 5/5
   248 | D:1      | Reached skill level 4 in Ice Magic
   732 | D:2      | Found an iron altar of Okawaru.
   876 | D:2      | Reached XP level 3. HP: 12/24 MP: 1/6
  1128 | D:2      | Learned a level 3 spell: Ozocubu's Armour
  1223 | D:2      | Found a sacrificial altar of Ru.
  1230 | D:2      | Reached skill level 5 in Ice Magic
  1432 | D:2      | Reached XP level 4. HP: 30/30 MP: 4/7
  1995 | D:3      | Reached XP level 5. HP: 15/35 MP: 0/9
  2011 | D:3      | HP: 1/35 [shadow imp/nerve-wracking pain (14)]
  2034 | D:3      | Slain by a gnoll

Action                   |  1- 3 |  4- 6 || total
-------------------------+-------+-------++-------
Melee: Unarmed           |   114 |    45 ||   159
       Dagger            |       |    36 ||    36
 Cast: Freeze            |    33 |    20 ||    53
       Ozocubu's Armour  |       |     2 ||     2
  Use: Scroll            |     3 |     2 ||     5
 Stab: Sleeping          |     5 |       ||     5
  Eat: Chunk             |     2 |     2 ||     4
